[Event "Tuesday Night Engine Tour 13 Rd Swiss 5m+1s Starts at 2200hrs"]
[Site "Infinity Chess"]
[Date "2018.1.30"]
[Round "4"]
[White "ocirema"]
[Black "KULLANI"]
[Result "1/2-1/2 "]
[ECO "C77"]
[WhiteElo "2496"]
[BlackElo "2511"]
[WhiteEngine "stockfish_18012814_x64_modern_CTG"]
[BlackEngine "BrainFish_180124_x64_CTG"]
[EventType "Swiss"]
[WhiteTeam ""]
[BlackTeam ""]
[PlyCount "106"]
[TimeControl "300+1"]

1. e4 e5 2. Nf3 Nc6 3. Bb5 a6 4. Ba4 Nf6 5. O-O Be7 6. Re1 b5 7. Bb3 O-O 
8. c3 d5 9. exd5 Nxd5 10. Nxe5 Nxe5 11. Rxe5 c6 12. d4 Bd6 13. Re2 Bg4 
14. f3 Bf5 15. g3 Qc7 16. Kf2 Qd7 17. Kg1 Qc7 18. Kf2 Qd7 19. Kg1 Rfe8 
20. Nd2 Bd3 21. Rxe8+ Rxe8 22. Ne4 Bxe4 23. fxe4 Rxe4 24. Bd2 Qe6 25. Qf1 h5 
26. Re1 Rxe1 27. Qxe1 Qg6 28. Qd1 h4 29. Bc2 Qe6 30. Qe1 hxg3 31. hxg3 Qh3 
32. Qe8+ Bf8 33. Qe5 g6 34. Bb3 Bh6 35. Bxh6 Qxh6 36. Bxd5 cxd5 37. Qe8+ Kg7 
38. Qe5+ Kh7 39. Qxd5 Qc1+ 40. Kg2 Qxb2+ 41. Kh3 Kg8 42. Qa8+ Kg7 43. Qxa6 Qxc3 
44. Qxb5 Qxd4 45. Qc6 Qf2 46. a4 g5 47. Qd5 Kg6 48. a5 Qf1+ 49. Kh2 Qe2+ 
50. Kh3 Qf1+ 51. Kh2 Kh5 52. Qe4 f6 53. Qh7+ Kg4 1/2-1/2

[Event "Tuesday Night Engine Tour 13 Rd Swiss 5m+1s Starts at 2200hrs"]
[Site "Infinity Chess"]
[Date "2018.1.30"]
[Round "4"]
[White "MGR"]
[Black "Dovahkiin"]
[Result "1/2-1/2"]
[ECO "C50"]
[WhiteElo "2514"]
[BlackElo "2462"]
[WhiteEngine "asmFishW_2017-08-25_bmi2"]
[BlackEngine "BrainFish_180128_x64_modern_CTG"]
[EventType "Swiss"]
[WhiteTeam ""]
[BlackTeam ""]
[PlyCount "116"]
[TimeControl "300+1"]

1. e4 e5 2. Nf3 Nc6 3. Bc4 Bc5 4. O-O Nf6 5. d3 d6 6. c3 a5 7. Re1 O-O 
8. Nbd2 h6 9. Nf1 a4 10. Ng3 Ra5 11. h3 Be6 12. Bxe6 fxe6 13. Be3 Bxe3 
14. Rxe3 d5 15. Re2 Nd7 16. exd5 exd5 17. d4 e4 18. Nd2 Qg5 19. Kh2 Qf4 
20. Qe1 Nb6 21. f3 exf3 22. Nxf3 Nc4 23. Kg1 Raa8 24. Rd1 Qf6 25. b3 axb3 
26. axb3 Nd6 27. c4 Rfe8 28. cxd5 Ne7 29. Ne4 Nxe4 30. Rxe4 Qf8 31. d6 cxd6 
32. d5 Nf5 33. Re6 Rxe6 34. dxe6 Re8 35. Qe2 Ng3 36. Qe1 Nf5 37. Qe4 Ng3 
38. Qe3 Nf5 39. Qe4 Ng3 40. Qd3 d5 41. Qxd5 Ne2+ 42. Kf2 Nc3 43. e7+ Qf7 
44. Qxf7+ Kxf7 45. Rd7 Rxe7 46. Rxe7+ Kxe7 47. Ke3 Kf6 48. Kd4 Ne2+ 49. Kc5 Nf4 
50. Ne1 h5 51. b4 g5 52. b5 h4 53. Kb6 g4 54. Kxb7 gxh3 55. gxh3 Nxh3 
56. Ng2 Ng5 57. Nxh4 Ne6 58. b6 Ke5 1/2-1/2

[Event "Tuesday Night Engine Tour 13 Rd Swiss 5m+1s Starts at 2200hrs"]
[Site "Infinity Chess"]
[Date "2018.1.30"]
[Round "4"]
[White "Time_bandit"]
[Black "MCDermont"]
[Result "1/2-1/2"]
[ECO "A46"]
[WhiteElo "2541"]
[BlackElo "2544"]
[WhiteEngine "asmfish-popcnt-012018-W"]
[BlackEngine "BrainFish 060118_CTG"]
[EventType "Swiss"]
[WhiteTeam ""]
[BlackTeam ""]
[PlyCount "74"]
[TimeControl "300+1"]

1. d4 Nf6 2. Nf3 d5 3. e3 e6 4. Bd3 b6 5. b3 Bd6 6. Nbd2 O-O 7. e4 Be7 
8. e5 Nfd7 9. O-O c5 10. c3 cxd4 11. cxd4 Ba6 12. Bxa6 Nxa6 13. a3 Nab8 
14. Qe2 Qc8 15. Bb2 Qa6 16. Qe3 b5 17. Ne1 Nc6 18. Nd3 Rfc8 19. f4 b4 
20. axb4 Qb6 21. Nc5 Nf8 22. Na4 Qxb4 23. g4 Qb5 24. Rf3 h6 25. Qf2 Nb4 
26. f5 Nh7 27. f6 gxf6 28. exf6 Bd6 29. Nc3 Qb6 30. h4 Kh8 31. Kh1 Rg8 
32. Rg1 a5 33. g5 Qa6 34. Qe3 Nc2 35. Qf2 Nb4 36. Qe3 Nc2 37. Qf2 Nb4 1/2-1/2

[Event "Tuesday Night Engine Tour 13 Rd Swiss 5m+1s Starts at 2200hrs"]
[Site "Infinity Chess"]
[Date "2018.1.30"]
[Round "4"]
[White "Victorious"]
[Black "RonWeasley"]
[Result "0-1 "]
[ECO "C02"]
[WhiteElo "2549"]
[BlackElo "2522"]
[WhiteEngine "BugChess2.41_Release"]
[BlackEngine "BrainFish 060118_CTG"]
[EventType "Swiss"]
[WhiteTeam ""]
[BlackTeam ""]
[PlyCount "28"]
[TimeControl "300+1"]

1. e4 e6 2. d4 d5 3. e5 c5 4. c3 Nc6 5. Nf3 Qb6 6. a3 c4 7. Nbd2 Na5 8. Be2 Bd7 
9. O-O Ne7 10. Rb1 h6 11. Re1 Nf5 12. Qc2 Be7 13. h3 Qc7 14. Bd1 g5 0-1

[Event "Tuesday Night Engine Tour 13 Rd Swiss 5m+1s Starts at 2200hrs"]
[Site "Infinity Chess"]
[Date "2018.1.30"]
[Round "4"]
[White "incredible"]
[Black "Coco69"]
[Result "1/2-1/2"]
[ECO "D30"]
[WhiteElo "2506"]
[BlackElo "2508"]
[WhiteEngine "Stockfish_x64_bmi2"]
[BlackEngine "Raubfisch X37c_CTG"]
[EventType "Swiss"]
[WhiteTeam ""]
[BlackTeam ""]
[PlyCount "70"]
[TimeControl "300+1"]

1. d4 d5 2. c4 e6 3. Nf3 Nf6 4. Nc3 c6 5. Bg5 h6 6. Bxf6 Qxf6 7. e3 Nd7 
8. Bd3 g6 9. e4 dxc4 10. e5 Qe7 11. Bxc4 Bg7 12. O-O O-O 13. Rc1 c5 14. Re1 cxd4 
15. Qxd4 Nb6 16. Ne4 Bd7 17. Nf6+ Kh8 18. Qe3 Rac8 19. Bb3 Rxc1 20. Rxc1 Bc6 
21. Nd4 Rc8 22. Rc3 Bxf6 23. exf6 Qxf6 24. Qxh6+ Kg8 25. Qe3 Bd7 26. Nf3 Rxc3 
27. bxc3 Ba4 28. h3 Bxb3 29. axb3 Nd5 30. Qxa7 Qxc3 31. Qxb7 Qc1+ 32. Kh2 Qf4+ 
33. Kg1 Qc1+ 34. Kh2 Qf4+ 35. Kg1 Qc1+ 1/2-1/2

[Event "Tuesday Night Engine Tour 13 Rd Swiss 5m+1s Starts at 2200hrs"]
[Site "Infinity Chess"]
[Date "2018.1.30"]
[Round "4"]
[White "MarioDeMonti"]
[Black "localhero"]
[Result "1/2-1/2"]
[ECO "C55"]
[WhiteElo "2533"]
[BlackElo "2488"]
[WhiteEngine "stockfish_x64_bmi2_2018_01_23_CTG"]
[BlackEngine "asmfish-popcnt-012018-W"]
[EventType "Swiss"]
[WhiteTeam ""]
[BlackTeam ""]
[PlyCount "75"]
[TimeControl "300+1"]

1. e4 e5 2. Nf3 Nc6 3. Bc4 Nf6 4. d3 Bc5 5. c3 d6 6. O-O a5 7. Re1 h6 8. h3 O-O 
9. Nbd2 a4 10. Bb5 Bd7 11. Nf1 Ne7 12. Bxd7 Qxd7 13. Ng3 Bb6 14. d4 Rfe8 
15. Be3 Qb5 16. Rb1 exd4 17. Bxd4 Nd7 18. Qd2 Qa5 19. Qc2 Nf8 20. Rbd1 Bxd4 
21. Nxd4 Nd7 22. Ngf5 Nf6 23. Re3 Nxf5 24. Nxf5 Qe5 25. Rg3 Qxe4 26. Rxg7+ Kf8 
27. Qxe4 Rxe4 28. Rg3 a3 29. Rb1 h5 30. bxa3 b6 31. Rf3 Nd7 32. Nd4 Nc5 
33. g3 Kg7 34. Nf5+ Kg6 35. Nh4+ Kg7 36. Nf5+ Kg6 37. Nh4+ Kg7 38. Nf5+ 1/2-1/2

[Event "Tuesday Night Engine Tour 13 Rd Swiss 5m+1s Starts at 2200hrs"]
[Site "Infinity Chess"]
[Date "2018.1.30"]
[Round "3"]
[White "koalachess"]
[Black "KillBill2017"]
[Result "1/2-1/2"]
[ECO "C58"]
[WhiteElo "2284"]
[BlackElo "2448"]
[WhiteEngine "asmFishW_2017-11-19_popcnt_CTG"]
[BlackEngine "Raubfisch ME262_GTZ16b4_CTG"]
[EventType "Swiss"]
[WhiteTeam ""]
[BlackTeam ""]
[PlyCount "78"]
[TimeControl "300+1"]

1. e4 e5 2. Nf3 Nc6 3. Bc4 Nf6 4. Ng5 d5 5. exd5 Na5 6. Bb5+ c6 7. dxc6 bxc6 
8. Qf3 Be7 9. Bxc6+ Nxc6 10. Qxc6+ Bd7 11. Qf3 O-O 12. d3 Ng4 13. Nh3 h6 
14. Qe2 Nf6 15. O-O Re8 16. Kh1 Rb8 17. Nd2 Qc8 18. Nc4 e4 19. Bf4 Bg4 
20. Qe3 Rb4 21. a3 Rb5 22. Be5 exd3 23. cxd3 Nh5 24. Ng1 Bf8 25. h3 Be6 
26. a4 Rc5 27. b4 Rd5 28. Qxa7 Rxd3 29. Nb6 Qd8 30. Qa5 Qh4 31. Rad1 Red8 
32. Rxd3 Rxd3 33. Qb5 Bxh3 34. Nxh3 Rxh3+ 35. gxh3 Qxh3+ 36. Kg1 Qg4+ 
37. Kh1 Qh3+ 38. Kg1 Qg4+ 39. Kh1 Qh3+ 1/2-1/2

[Event "Tuesday Night Engine Tour 13 Rd Swiss 5m+1s Starts at 2200hrs"]
[Site "Infinity Chess"]
[Date "2018.1.30"]
[Round "3"]
[White "Dovahkiin"]
[Black "BraveDevil"]
[Result "1-0"]
[ECO "B23"]
[WhiteElo "2446"]
[BlackElo "2449"]
[WhiteEngine "BrainFish_180128_x64_modern_CTG"]
[BlackEngine "Cryptic AIL V2"]
[EventType "Swiss"]
[WhiteTeam ""]
[BlackTeam ""]
[PlyCount "157"]
[TimeControl "300+1"]

1. e4 c5 2. Nc3 Nc6 3. Nge2 Qb6 4. Nd5 Qd8 5. d4 e6 6. Ndc3 cxd4 7. Nxd4 Nf6 
8. Nxc6 bxc6 9. e5 Nd5 10. Ne4 Qc7 11. f4 Qb6 12. c4 Ne3 13. Qd3 Bb4+ 
14. Bd2 O-O 15. Rc1 a5 16. Bxb4 Qxb4+ 17. Rc3 Nxf1 18. Rxf1 Qxb2 19. Rf2 Qa1+ 
20. Qd1 Qxd1+ 21. Kxd1 h6 22. Kc2 Ba6 23. Rd2 Ra7 24. Nc5 Rd8 25. Rd4 Bc8 
26. Rb3 Kf8 27. Rbd3 Ke7 28. Kc3 Rg8 29. h4 h5 30. Rd2 Rd8 31. Rd6 Ra8 
32. Rb2 Ra7 33. Rb6 Ra8 34. Rd3 Rg8 35. Rb2 Rd8 36. Ne4 Ba6 37. Nd6 Rg8 
38. Kd4 f6 39. Kc5 Kd8 40. Ra3 fxe5 41. fxe5 Bc8 42. Rg3 a4 43. Rf2 Kc7 
44. Rxg7 Ra5+ 45. Kd4 Rxg7 46. Ne8+ Kb6 47. Nxg7 a3 48. g3 Ba6 49. Rc2 Rc5 
50. Rc3 Ra5 51. c5+ Kb5 52. Rc4 Bc8 53. Ne8 Ka6 54. Nd6 Ka7 55. Nxc8+ Kb8 
56. Nd6 Kc7 57. Ne8+ Kd8 58. Nf6 Rb5 59. Ra4 Rb2 60. Rxa3 Rd2+ 61. Rd3 Rb2 
62. Nxh5 Rb4+ 63. Ke3 Rg4 64. Kf3 Ra4 65. Nf6 Kc8 66. h5 Rb4 67. h6 Rb2 
68. h7 Rh2 69. Kg4 Rxh7 70. Nxh7 Kb7 71. Rb3+ Kc8 72. Kg5 Kc7 73. Kg6 Kd8 
74. Kf6 Kc8 75. Ke7 Kc7 76. Nf8 d6 77. cxd6+ Kc8 78. Nxe6 c5 79. d7# 1-0

[Event "Tuesday Night Engine Tour 13 Rd Swiss 5m+1s Starts at 2200hrs"]
[Site "Infinity Chess"]
[Date "2018.1.30"]
[Round "3"]
[White "SkyPilot"]
[Black "Ryzen"]
[Result "1/2-1/2"]
[ECO "C53"]
[WhiteElo "2456"]
[BlackElo "2469"]
[WhiteEngine "stockfish_x64_bmi2_2018_01_23_CTG"]
[BlackEngine "Houdini 6"]
[EventType "Swiss"]
[WhiteTeam ""]
[BlackTeam ""]
[PlyCount "263"]
[TimeControl "300+1"]

1. e4 e5 2. Nf3 Nc6 3. Bc4 Bc5 4. c3 Nf6 5. d3 d6 6. O-O a5 7. Re1 O-O 
8. Nbd2 h6 9. h3 Be6 10. a4 Bb6 11. Bxe6 fxe6 12. Nc4 Bc5 13. Be3 Bxe3 
14. Rxe3 Nd7 15. Ncd2 Qf6 16. Qb3 Nc5 17. Qc4 Ra6 18. Rf1 Qf7 19. Qa2 Raa8 
20. Qc4 Ra6 21. d4 exd4 22. cxd4 Nd7 23. Qe2 Nf6 24. Rb3 Nb4 25. Rc1 Raa8 
26. Nc4 Qg6 27. Re3 Nc6 28. Ncd2 Rac8 29. Qb5 Rb8 30. Kh2 d5 31. exd5 Nxd5 
32. Re4 Qf5 33. Qb3 Ncb4 34. Rce1 Nf4 35. Ne5 Rbd8 36. R1e3 b6 37. Rf3 Nbd5 
38. Qd1 Qh5 39. Qc1 Qe8 40. b3 Nh5 41. g3 Nhf6 42. Re1 Nd7 43. Nc6 Rxf3 
44. Nxf3 Rc8 45. Qc4 Qf7 46. Kg2 Rf8 47. Qe2 Re8 48. Qc2 Rf8 49. Qd3 Kh8 
50. Qe4 Nc3 51. Qd3 Nd5 52. Qe4 Nc3 53. Qe3 Nd5 54. Qd3 Kg8 55. Re2 Qf5 
56. Qe4 Qxe4 57. Rxe4 Kf7 58. h4 Ne7 59. Nce5+ Nxe5 60. Nxe5+ Ke8 61. Rg4 Nf5 
62. h5 Rf6 63. Re4 Kd8 64. f3 Nd6 65. Re1 Nf5 66. Re4 Nd6 67. Re2 Nf5 
68. Rd2 Ne7 69. g4 Nd5 70. Kg3 Rf4 71. Ng6 Rf6 72. Rc2 Kd7 73. Ne5+ Ke7 
74. Re2 Kd6 75. Rc2 Ke7 76. Rc1 Ke8 77. Rc4 Kd8 78. Rc1 Rf4 79. Re1 Rf6 
80. Re4 Ke7 81. Re1 Kd8 82. Rc1 Rf4 83. Rh1 Rf6 84. Kf2 Rf4 85. Re1 Kc8 
86. Rd1 Nc3 87. Rd3 Nd5 88. Ng6 Rf6 89. Ne5 Rf4 90. Rd1 Nc3 91. Rc1 Nd5 
92. Rc4 Kb7 93. Nd3 Rf6 94. Rc1 Rf7 95. Ne5 Rf6 96. Rc6 Kc8 97. Rc4 Nb4 
98. Kg2 Kb7 99. Kg1 Nd5 100. Kh2 Rf4 101. Kg3 Kc8 102. Rc6 Rf6 103. Nd3 Kb7 
104. Rc2 Kc8 105. Rd2 Kd8 106. Ne5 Rf4 107. Re2 Kc8 108. Nc4 Kd7 109. Rd2 Rf6 
110. Ne5+ Kd6 111. Rd1 Rf4 112. Rd2 Rf6 113. Rd1 Nc3 114. Nc4+ Ke7 115. Re1 Nd5 
116. Ne3 Kd6 117. Nxd5 exd5 118. Re8 Rf7 119. Rb8 Re7 120. Kf2 Kd7 121. Rg8 Kd6 
122. Rb8 Kd7 123. Rg8 c5 124. dxc5 bxc5 125. Ra8 d4 126. Rxa5 Kc6 127. Ra8 Rb7 
128. Rc8+ Kd6 129. Rd8+ Kc6 130. Rc8+ Kd5 131. Rd8+ Kc6 132. Rc8+ 1/2-1/2

[Event "Tuesday Night Engine Tour 13 Rd Swiss 5m+1s Starts at 2200hrs"]
[Site "Infinity Chess"]
[Date "2018.1.30"]
[Round "3"]
[White "KULLANI"]
[Black "star99"]
[Result "1/2-1/2"]
[ECO "C55"]
[WhiteElo "2514"]
[BlackElo "2450"]
[WhiteEngine "BrainFish_180124_x64_CTG"]
[BlackEngine "Cryptic AIL V2"]
[EventType "Swiss"]
[WhiteTeam ""]
[BlackTeam ""]
[PlyCount "169"]
[TimeControl "300+1"]

1. e4 e5 2. Nf3 Nc6 3. Bc4 Nf6 4. d3 Bc5 5. c3 d6 6. O-O O-O 7. Bg5 h6 8. Bh4 g5 
9. Bg3 Na5 10. b4 Nxc4 11. bxc5 Na5 12. Re1 Nh5 13. cxd6 cxd6 14. Nbd2 Nxg3 
15. hxg3 Kg7 16. Nf1 Be6 17. Ne3 Rc8 18. Rc1 h5 19. Nh2 Rh8 20. g4 hxg4 
21. Nhxg4 Qd7 22. Qf3 Bxg4 23. Nxg4 Qe6 24. g3 Rh7 25. Kg2 Rch8 26. Rh1 Nc6 
27. Rxh7+ Rxh7 28. a4 Kg6 29. Rb1 f6 30. Rd1 Rh8 31. Kg1 f5 32. exf5+ Qxf5 
33. Qe4 d5 34. Qe2 Rf8 35. Kg2 e4 36. dxe4 Qxe4+ 37. Qxe4+ dxe4 38. Rd6+ Kg7 
39. Kf1 Rf3 40. Rd7+ Kg6 41. Rd6+ Kg7 42. Ne3 Ne5 43. Ke2 Rf7 44. Rd5 Nf3 
45. Ng4 Rc7 46. Ke3 Rc4 47. Rd7+ Kg6 48. Rxb7 Kf5 49. Nh6+ Kg6 50. Ng4 Kf5 
51. Nh6+ Kg6 52. Nf7 Rxa4 53. Rc7 a5 54. c4 Kf6 55. Nd6 Ke5 56. Nb5 Kf5 
57. Nd6+ Ke5 58. Nb5 Kf5 59. Rc5+ Kg4 60. Rc8 Rb4 61. Nd6 Rb3+ 62. Kxe4 Rb2 
63. c5 Rxf2 64. Nc4 Kxg3 65. Rg8 Rf1 66. c6 Rd1 67. Nb2 Rc1 68. Kd5 g4 
69. Rg7 Nd4 70. c7 Nb5 71. Nc4 Rd1+ 72. Kc5 Nxc7 73. Rxc7 a4 74. Rg7 Rc1 
75. Kd5 Rd1+ 76. Ke4 Re1+ 77. Kd3 Rd1+ 78. Kc2 Rd4 79. Kc3 Re4 80. Ra7 Kh3 
81. Kd3 Rf4 82. Rxa4 g3 83. Ra1 g2 84. Ne3 Rf2 85. Ke4 1/2-1/2

[Event "Tuesday Night Engine Tour 13 Rd Swiss 5m+1s Starts at 2200hrs"]
[Site "Infinity Chess"]
[Date "2018.1.30"]
[Round "3"]
[White "RonWeasley"]
[Black "MCDermont"]
[Result "1/2-1/2"]
[ECO "C12"]
[WhiteElo "2521"]
[BlackElo "2545"]
[WhiteEngine "BrainFish 060118_CTG"]
[BlackEngine "BrainFish 060118_CTG"]
[EventType "Swiss"]
[WhiteTeam ""]
[BlackTeam ""]
[PlyCount "126"]
[TimeControl "300+1"]

1. e4 e6 2. d4 d5 3. Nc3 Nf6 4. Bg5 Bb4 5. e5 h6 6. Bd2 Bxc3 7. bxc3 Ne4 
8. Qg4 Kf8 9. Bd3 Nxd2 10. Kxd2 c5 11. h4 Qa5 12. Rh3 cxd4 13. Rg3 Qxc3+ 
14. Ke2 Rg8 15. Re1 Nc6 16. Kf1 Qb4 17. Nf3 Ke8 18. Qf4 Bd7 19. Bh7 d3 
20. Qxb4 Nxb4 21. Bxg8 dxc2 22. Rc1 Ba4 23. Nd4 Nxa2 24. Rxc2 Bxc2 25. Nxc2 Rc8 
26. Nd4 Kf8 27. Bh7 Rc4 28. Nb5 Nb4 29. Nd6 Rc1+ 30. Ke2 Nc6 31. f4 Rh1 
32. Nxb7 g6 33. Bxg6 fxg6 34. Rxg6 Rxh4 35. Nc5 Nd8 36. g3 Rh2+ 37. Kd3 Kf7 
38. f5 exf5 39. e6+ Ke8 40. Rg8+ Ke7 41. Rg7+ Ke8 42. Rc7 a5 43. Kd4 Re2 
44. Kxd5 a4 45. Kd6 Rd2+ 46. Ke5 a3 47. e7 Nf7+ 48. Kf6 Nd6 49. Ra7 Nc8 
50. Ra8 Rd6+ 51. Ne6 Rc6 52. Rxa3 Nxe7 53. Ra5 Ng8+ 54. Kxf5 Ne7+ 55. Kf6 Ng8+ 
56. Ke5 Rc3 57. Ra8+ Kf7 58. Rf8+ Ke7 59. Rxg8 Re3+ 60. Kf4 Rxe6 61. Rg4 Ra6 
62. Rh4 Ra4+ 63. Kf5 Rxh4 1/2-1/2

[Event "Tuesday Night Engine Tour 13 Rd Swiss 5m+1s Starts at 2200hrs"]
[Site "Infinity Chess"]
[Date "2018.1.30"]
[Round "3"]
[White "Victorious"]
[Black "Time_bandit"]
[Result "1/2-1/2"]
[ECO "D20"]
[WhiteElo "2549"]
[BlackElo "2541"]
[WhiteEngine "BugChess2.41_Release"]
[BlackEngine "asmfish-popcnt-012018-W"]
[EventType "Swiss"]
[WhiteTeam ""]
[BlackTeam ""]
[PlyCount "76"]
[TimeControl "300+1"]

1. d4 d5 2. c4 dxc4 3. e4 e5 4. Nf3 exd4 5. Bxc4 Nc6 6. O-O Be6 7. Bxe6 fxe6 
8. Qb3 Qd7 9. Qxb7 Rb8 10. Qa6 Nf6 11. Nbd2 Bd6 12. b3 O-O 13. Ba3 Nh5 
14. g3 Nf6 15. Kg2 e5 16. Rac1 Ne7 17. Ne1 h5 18. h4 Ng6 19. f3 Ng4 20. Nc4 Rb6 
21. Nxb6 Ne3+ 22. Kh2 axb6 23. Bxd6 cxd6 24. Rg1 d5 25. Ng2 Nxh4 26. Nxh4 dxe4 
27. Rcf1 g5 28. Ng6 Re8 29. fxe4 Ng4+ 30. Kh1 Ne3 31. Rf2 Qc6 32. Rf8+ Kh7 
33. Rxe8 Qxe4+ 34. Kh2 Qc2+ 35. Kh1 Qe4+ 36. Kh2 Qc2+ 37. Kh1 Qc6+ 38. Kh2 Qc2+ 
1/2-1/2

[Event "Tuesday Night Engine Tour 13 Rd Swiss 5m+1s Starts at 2200hrs"]
[Site "Infinity Chess"]
[Date "2018.1.30"]
[Round "3"]
[White "localhero"]
[Black "incredible"]
[Result "1/2-1/2"]
[ECO "A46"]
[WhiteElo "2487"]
[BlackElo "2507"]
[WhiteEngine "asmfish-popcnt-012018-W"]
[BlackEngine "Stockfish_x64_bmi2"]
[EventType "Swiss"]
[WhiteTeam ""]
[BlackTeam ""]
[PlyCount "191"]
[TimeControl "300+1"]

1. d4 Nf6 2. Nf3 d6 3. c4 Bg4 4. Nc3 Nbd7 5. h3 Bxf3 6. exf3 c6 7. Bd3 g6 
8. O-O Bg7 9. Be3 O-O 10. Qc2 e6 11. b3 d5 12. Rfe1 Rc8 13. Rad1 c5 
14. dxc5 Nxc5 15. Bf1 Qa5 16. Rb1 Na6 17. Qc1 Rfd8 18. Nb5 Nc7 19. a4 Nxb5 
20. axb5 dxc4 21. bxc4 Nd7 22. Bg5 Re8 23. Rd1 Nc5 24. g3 a6 25. Be3 Red8 
26. Rxd8+ Qxd8 27. Qa3 Bf8 28. bxa6 bxa6 29. f4 Qc7 30. Rb2 Rd8 31. Rb1 Rc8 
32. h4 h5 33. Rb2 Rd8 34. Rb1 Rc8 35. Kh1 a5 36. Rb5 Nb7 37. Qa1 Nd6 
38. Rxa5 Nxc4 39. Ra7 Qd8 40. Bxc4 Rxc4 41. Ra8 Rc8 42. Rxc8 Qxc8 43. Kh2 Bg7 
44. Bd4 Bxd4 45. Qxd4 Qc1 46. Qd8+ Kg7 47. Qg5 f6 48. Qa5 Qf1 49. Qc7+ Kh6 
50. Qa7 Qc4 51. Qb8 Kh7 52. Qf8 Qf1 53. f3 Qe2+ 54. Kh1 e5 55. Qf7+ Kh6 
56. Qf8+ Kh7 57. Qxf6 Qxf3+ 58. Kh2 exf4 59. gxf4 Qf2+ 60. Kh1 Qf3+ 61. Kg1 Qg3+ 
62. Kh1 Qh3+ 63. Kg1 Qe3+ 64. Kh2 Qf3 65. Kg1 Qe4 66. Qf7+ Kh6 67. Kf2 Qc2+ 
68. Kf1 Qd1+ 69. Kg2 Qe1 70. Qf8+ Kh7 71. Qf7+ Kh6 72. Qf8+ Kh7 73. Kf3 Qf1+ 
74. Ke4 Qe1+ 75. Kd3 Qf2 76. Qe7+ Kh6 77. Qf8+ Kh7 78. Kc3 Qe3+ 79. Kc4 Qe4+ 
80. Kc3 Qe6 81. Kd2 Qd7+ 82. Kc1 Qh3 83. Qf7+ Kh6 84. Kc2 Qa3 85. Kd2 Qb4+ 
86. Ke3 Qe1+ 87. Kd4 Qxh4 88. Ke5 Qd8 89. Ke4 h4 90. Ke3 h3 91. Kf3 h2 
92. Kg2 g5 93. Kxh2 Qd2+ 94. Kg3 Qe1+ 95. Kg2 Qd2+ 96. Kf1 1/2-1/2

[Event "Tuesday Night Engine Tour 13 Rd Swiss 5m+1s Starts at 2200hrs"]
[Site "Infinity Chess"]
[Date "2018.1.30"]
[Round "3"]
[White "MarioDeMonti"]
[Black "Coco69"]
[Result "1/2-1/2"]
[ECO "C53"]
[WhiteElo "2534"]
[BlackElo "2507"]
[WhiteEngine "stockfish_x64_bmi2_2018_01_23_CTG"]
[BlackEngine "Raubfisch X37c_CTG"]
[EventType "Swiss"]
[WhiteTeam ""]
[BlackTeam ""]
[PlyCount "129"]
[TimeControl "300+1"]

1. e4 e5 2. Nf3 Nc6 3. Bc4 Bc5 4. c3 Nf6 5. d3 d6 6. O-O a5 7. Re1 h6 8. h3 O-O 
9. Nbd2 Be6 10. Bb5 Qb8 11. Nf1 Qa7 12. Re2 a4 13. Ng3 Qa5 14. Bxc6 bxc6 
15. Nh4 Rfe8 16. Re1 d5 17. exd5 cxd5 18. Rxe5 Bf8 19. Qc2 c5 20. Bd2 Nd7 
21. Re2 c4 22. d4 a3 23. bxa3 Qa4 24. Qc1 Bxa3 25. Qf1 Nf6 26. Nf3 Qc2 
27. Bg5 Qg6 28. Bxf6 Qxf6 29. Ne5 Qh4 30. Re3 f6 31. Nf3 Qf4 32. Rb1 Bf7 
33. Rxe8+ Rxe8 34. Qd1 Kh7 35. Rb7 Bg6 36. Nd2 Rb8 37. Ne2 Qd6 38. Rxb8 Qxb8 
39. Nf1 Bd6 40. Ne3 Bd3 41. Nc1 Be4 42. a4 Qb2 43. Qe1 Bf4 44. a5 Qb5 
45. h4 Bxe3 46. Qxe3 Qxa5 47. h5 Bf5 48. Qf4 Be6 49. Ne2 Qa2 50. Qf3 Qb1+ 
51. Kh2 Qd3 52. Qe3 Bg4 53. Nf4 Qf5 54. f3 Bxh5 55. g4 Qc2+ 56. Kg3 Bf7 
57. Qe7 Kg8 58. Ne6 Bxe6 59. Qxe6+ Kh7 60. Qxd5 Qxc3 61. Qe4+ Kg8 62. Qe8+ Kh7 
63. Qe4+ Kg8 64. Qd5+ Kh7 65. Qe4+ 1/2-1/2

[Event "Tuesday Night Engine Tour 13 Rd Swiss 5m+1s Starts at 2200hrs"]
[Site "Infinity Chess"]
[Date "2018.1.30"]
[Round "2"]
[White "star99"]
[Black "koalachess"]
[Result "1-0"]
[ECO "C00"]
[WhiteElo "2440"]
[BlackElo "2294"]
[WhiteEngine "Cryptic AIL V2"]
[BlackEngine "asmFishW_2017-11-19_popcnt_CTG"]
[EventType "Swiss"]
[WhiteTeam ""]
[BlackTeam ""]
[PlyCount "113"]
[TimeControl "300+1"]

1. e4 e6 2. Nc3 d5 3. d4 Nf6 4. e5 Nfd7 5. f4 c5 6. Nf3 Nc6 7. Be3 Qb6 
8. Na4 Qa5+ 9. c3 c4 10. b4 Qc7 11. a3 b5 12. Nc5 a5 13. Be2 Be7 14. O-O h6 
15. Qd2 O-O 16. Rfb1 a4 17. Qe1 Bd8 18. Bd1 Nxc5 19. bxc5 Bd7 20. Ra2 Ne7 
21. g4 Qb8 22. Rg2 Bc7 23. Bc2 f6 24. Qg3 Qe8 25. g5 hxg5 26. Qh3 f5 
27. Nxg5 Qg6 28. Kh1 Be8 29. Rbg1 Qh5 30. Qxh5 Bxh5 31. Nxe6 Bf3 32. Nxc7 Bxg2+ 
33. Rxg2 Ra7 34. Ne6 Rf7 35. Bd1 g6 36. Rb2 Nc6 37. Bf3 Rfd7 38. Rxb5 Ra8 
39. Ng5 Ne7 40. c6 Rc7 41. Rxd5 Rac8 42. Rd6 Rxc6 43. Bxc6 Nxc6 44. d5 Ne7 
45. Rd7 Nxd5 46. Rxd5 Kf8 47. Bd4 Ke8 48. e6 Rd8 49. Rxd8+ Kxd8 50. Bc5 Kc7 
51. e7 Kd7 52. Nf7 Kc6 53. e8=Q+ Kxc5 54. Qd7 Kb6 55. Nd8 g5 56. Qc6+ Ka5 
57. Nb7# 1-0

[Event "Tuesday Night Engine Tour 13 Rd Swiss 5m+1s Starts at 2200hrs"]
[Site "Infinity Chess"]
[Date "2018.1.30"]
[Round "2"]
[White "BraveDevil"]
[Black "SkyPilot"]
[Result "1/2-1/2"]
[ECO "B53"]
[WhiteElo "2449"]
[BlackElo "2456"]
[WhiteEngine "Cryptic AIL V2"]
[BlackEngine "stockfish_x64_bmi2_2018_01_23_CTG"]
[EventType "Swiss"]
[WhiteTeam ""]
[BlackTeam ""]
[PlyCount "112"]
[TimeControl "300+1"]

1. e4 c5 2. Nf3 d6 3. d4 cxd4 4. Qxd4 Nc6 5. Qd3 g6 6. Be2 Nf6 7. O-O Bg7 
8. h3 O-O 9. Rd1 Be6 10. Nc3 Nd7 11. Nd5 Nc5 12. Qe3 Rc8 13. Rb1 a5 14. a3 Bd7 
15. Bf1 Re8 16. Qe1 Ne5 17. Nxe5 Bxe5 18. Bd2 b6 19. Bh6 Na4 20. c3 b5 
21. Bf4 Bxf4 22. Nxf4 f6 23. Qe3 Qb6 24. Qg3 Kg7 25. Bd3 Rc5 26. Nd5 Qb7 
27. Be2 Be6 28. Rd4 Bf7 29. Ne3 Rb8 30. h4 Kh8 31. Qf4 Re5 32. Ng4 Nc5 
33. Bf3 Be6 34. Re1 Bxg4 35. Bxg4 f5 36. Bf3 Ne6 37. Qd2 Nxd4 38. cxd4 Re6 
39. exf5 Rxe1+ 40. Qxe1 Qb6 41. fxg6 Qxd4 42. Qxe7 hxg6 43. Qg5 Kh7 44. Qe7+ Kg8 
45. Qe6+ Kg7 46. Qe7+ Kg8 47. Qg5 Kh7 48. h5 gxh5 49. Qxh5+ Kg7 50. Qg5+ Kh7 
51. Bd5 Qe5 52. Qh4+ Kg7 53. Qg4+ Kf6 54. Qh4+ Kg7 55. Qg4+ Kf6 56. Qh4+ Kg7 
1/2-1/2

[Event "Tuesday Night Engine Tour 13 Rd Swiss 5m+1s Starts at 2200hrs"]
[Site "Infinity Chess"]
[Date "2018.1.30"]
[Round "2"]
[White "localhero"]
[Black "Dovahkiin"]
[Result "1-0"]
[ECO "D05"]
[WhiteElo "2471"]
[BlackElo "2462"]
[WhiteEngine "asmfish-popcnt-012018-W"]
[BlackEngine "BrainFish_180128_x64_modern_CTG"]
[EventType "Swiss"]
[WhiteTeam ""]
[BlackTeam ""]
[PlyCount "167"]
[TimeControl "300+1"]

1. d4 d5 2. Nf3 Nf6 3. e3 e6 4. Bd3 c5 5. b3 Nc6 6. O-O Be7 7. Bb2 O-O 
8. Nbd2 cxd4 9. exd4 b6 10. c4 Bb7 11. Rc1 Rc8 12. Re1 a5 13. a3 Bd6 14. c5 Bf4 
15. Rc2 Nd7 16. Nf1 bxc5 17. dxc5 Re8 18. Ng3 f6 19. Bb5 Bb8 20. Nd4 Nxd4 
21. Bxd4 Bxg3 22. hxg3 Bc6 23. Bxc6 Rxc6 24. b4 Qb8 25. Rb2 Rc7 26. Bc3 Nf8 
27. Qd3 Qb7 28. f4 Rcc8 29. Rbb1 Kh8 30. Bd4 Nd7 31. Qc3 axb4 32. axb4 Qb5 
33. g4 Nf8 34. g5 e5 35. gxf6 exd4 36. fxg7+ Kxg7 37. Qxd4+ Kg8 38. Qxd5+ Kh8 
39. Qd4+ Kg8 40. f5 Rcd8 41. Qf4 Rxe1+ 42. Rxe1 Rd7 43. Qg3+ Rg7 44. Qb3+ Kh8 
45. Qc3 Kg8 46. f6 Rf7 47. c6 Qb6+ 48. Kh2 Qf2 49. Qg3+ Qxg3+ 50. Kxg3 Rc7 
51. b5 Kf7 52. Rc1 Nd7 53. cxd7 Rxd7 54. Rc6 h5 55. Kf4 Kg6 56. b6 Rd5 
57. Ke4 Rb5 58. Kd4 h4 59. Kc4 Rb2 60. Kd5 Rf2 61. Ke6 Re2+ 62. Kd7 Kh7 
63. b7 Rb2 64. Kc7 h3 65. b8=Q Rxb8 66. Kxb8 hxg2 67. Rc1 Kg6 68. Kc7 Kxf6 
69. Rg1 Ke5 70. Rxg2 Kd4 71. Re2 Kc3 72. Re7 Kc4 73. Kc6 Kd4 74. Re8 Kc3 
75. Rd8 Kc4 76. Kb6 Kb3 77. Kb5 Kc3 78. Rd5 Kb3 79. Rc5 Ka2 80. Kb4 Kb2 
81. Rc8 Ka1 82. Kb3 Kb1 83. Rc4 Ka1 84. Rc1# 1-0